 Dungeon Crawl Stone Soup version 0.29-a0-330-g52719c12eb (webtiles) character file.

Game seed: 8882289695740855477

802 Ajdolov the Ruffian (level 7, -3/61 HPs)
             Began as a Ghoul Warper on Apr 23, 2022.
             Slain by an orc
             ... wielding a +0 flail
              (7 damage)
             ... on level 6 of the Dungeon.
             The game lasted 00:06:18 (3566 turns).

Ajdolov the Ruffian (Ghoul Warper)                  Turns: 3566, Time: 00:06:19

Health: -3/61      AC:  3    Str: 17    XL:     7   Next: 90%
Magic:  8/8        EV: 12    Int:  8    God:
Gold:   180        SH:  0    Dex: 14    Spells: 7/9 levels left

rFire   . . .      SeeInvis .     - Unarmed
rCold   + . .      Faith    .   (no shield)
rNeg    + + +      Spirit   .   a - +0 leather armour
rPois   ∞          Reflect  .   (no helmet)
rElec   .          Harm     .   (no cloak)
rCorr   .          Rampage  .   (no gloves)
Will    .....                   (no boots)
Stlth   +.........              (no amulet)
HPRegen 0.00/turn               f - +4 ring of slaying
MPRegen 0.11/turn               i - +6 ring of dexterity

@: inhibited regen
A: claws 1, cold resistance 1, negative energy resistance 3, inhibited
regeneration, torment resistance 2, devour on kill
a: no special abilities


You were on level 6 of the Dungeon.
You visited 1 branch of the dungeon, and saw 5 of its levels.

You collected 180 gold pieces.

Inventory:

Missiles
 c - 5 boomerangs of dispersal (quivered)
Armour
 a - a +0 leather armour (worn)
Jewellery
 f - a +4 ring of slaying (left claw)
 i - a +6 ring of dexterity (right claw)
Wands
 t - a wand of acid (2)
Scrolls
 b - a scroll of blinking
 d - a scroll of immolation {unknown}
 e - 5 scrolls of teleportation {unknown}
 g - 2 scrolls of vulnerability {unknown}
 j - a scroll of holy word {unknown}
 k - a scroll of silence {unknown}
 p - a scroll of torment {unknown}
 s - a scroll of identify {unknown}
Potions
 h - 2 potions of degeneration {unknown}
 l - 3 potions of curing {unknown}
 m - a potion of attraction {unknown}
 n - a potion of cancellation {unknown}
 o - 2 potions of resistance {unknown}
 q - a potion of heal wounds {unknown}
 r - a potion of flight {unknown}
 u - a potion of might {unknown}


   Skills:
 + Level 5.1 Fighting
 - Level 0.8 Throwing
 - Level 0.8 Armour
 - Level 1.7 Dodging
 * Level 7.1 Unarmed Combat
 - Level 1.7 Spellcasting
 + Level 4.5 Translocations


You had 7 spell levels left.
You knew the following spells:

 Your Spells              Type           Power      Damage    Failure   Level
a - Blink                 Tloc           14%        N/A       11%         2

Your spell library contained the following spells:

 Spells                   Type           Power      Damage    Failure   Level
 Gell's Gravitas          Tloc           7%         N/A       21%         3
 Lesser Beckoning         Tloc           7%         N/A       21%         3
 Teleport Other           Tloc           7%         N/A       21%         3
 Foxfire                  Conj/Fire      0%         2x1d4     41%         1
 Conjure Flame            Conj/Fire      0%         6-21      78%         3
 Inner Flame              Hex/Fire       0%         N/A       78%         3
 Manifold Assault         Tloc           7%         N/A       88%         5
 Flame Wave               Conj/Fire      0%         2d4       99%         4
 Conjure Ball Lightning   Conj/Air       0%         3x3d6     100%        6
 Discord                  Hex            0%         N/A       100%        8
 Disjunction              Tloc           3%         N/A       100%        8


Dungeon Overview and Level Annotations

Branches:
Dungeon (4/15)
 Temple: D:4-7

Altars:

Shops:
D:2 [

Annotations:
D:2 1 runed translucent door, Crazy Yiuf
D:6 1 runed translucent door, Ajdolov's ghost, novice OgFi


Innate Abilities, Weirdness & Mutations

You are immune to poison.
You have sharp fingernails.
Your flesh is cold resistant. (rC+)
You are immune to negative energy. (rN+++)
You do not regenerate when monsters are visible.
You are immune to unholy pain and torment.
You thrive by killing the living.


Message History

You struggle against the net.
You struggle against the net.
You shred the net and break free!
Throw: 6 boomerangs (disperse)
Press: ? - help, Q - select action, (/) - cycle Shift-Dir - straight line, f - wight
Aim: a wight, wielding a +0 halberd and wearing a +0 robe (65% to hit)
You throw a boomerang of dispersal.
The boomerang of dispersal hits the wight.
The wight blinks!
You see here a +0 battleaxe.
A hound and an orc priest come into view.
The orc priest shouts!
You hear a shout!
An orc comes into view. It is wielding a +0 flail.
The hound barks!
There are monsters nearby!
You scratch the orc priest.
The orc priest is moderately wounded.
The orc priest hits you with a +0 club.
You claw the orc priest!
You kill the orc priest!
You feel better. The hound barely misses you.
Your Unarmed Combat skill increases to level 7!
You closely miss the hound. The hound closely misses you.
You claw the hound!
The hound is almost dead.
The hound barely misses you.
You scratch the hound.
You kill the hound!
You completely miss the orc. The orc hits you with a +0 flail.
* * * LOW HITPOINT WARNING * * *
You scratch the orc.
The orc is heavily wounded.
An orc warrior comes into view. It is wielding a +0 glaive.
The orc closely misses you.
You scratch the orc.
The orc is severely wounded.
The orc warrior hits you from afar with a +0 glaive!
* * * LOW HITPOINT WARNING * * *
The orc hits you with a +0 flail!
You die...

##.#..#.#####.###.#.[....#
..........)...)...#.####.#
.#.####.##.##.#####.# #
.#.# #.......# #.##.. ...#
####.#### #.(... ...#
##.## ####oh.o# .#.##
#...# #.o...# ....# #...#
#o##. .#..### #...# #@#
.>....###...####.#
.#..#.......)....#
.#...............#
.##.#...........##
....#.###...##### ...(..#
#...# .###### #...# ##
#...#


You could see an orc warrior and an orc.

Vanquished Creatures
  Sigmund (D:3)
  Menkaure (D:6)
  An ice beast (D:3)
  An ogre (D:6)
  A necrophage (D:6)
  A wight (D:6)
  2 orc priests
  A hound (D:6)
  An orc wizard (D:3)
  A gnoll (D:3)
  4 adders
  A white imp (D:6)
  A worm (D:2)
  9 orcs
  3 ball pythons
  4 endoplasms
  2 giant cockroaches
  5 goblins
  5 hobgoblins
  9 jackals
  4 kobolds
  2 quokkas
  5 bats
  4 frilled lizards
  7 rats
76 creatures vanquished.

Vanquished Creatures (others)
  5 fungi
  4 toadstools (D:6)
9 creatures vanquished.

Grand Total: 85 creatures vanquished

Notes
Turn   | Place    | Note
-------+----------+-------------------------------------------
     0 | D:1      | Ajdolov the Ghoul Warper began the quest for the Orb.
     0 | D:1      | Reached XP level 1. HP: 17/17 MP: 2/2
   172 | D:1      | Reached XP level 2. HP: 23/25 MP: 3/3
   322 | D:1      | Reached skill level 3 in Unarmed Combat
   528 | D:2      | Reached XP level 3. HP: 25/30 MP: 4/4
   811 | D:2      | Learned a level 2 spell: Blink
   837 | D:2      | Found Syemn's Armour Emporium.
  1054 | D:2      | Found a faded altar of an unknown god.
  1533 | D:2      | Reached XP level 4. HP: 30/38 MP: 5/5
  1535 | D:2      | Reached skill level 4 in Unarmed Combat
  1949 | D:2      | Found a runed translucent door.
  1950 | D:2      | Noticed Crazy Yiuf
  2199 | D:3      | Noticed an ice beast
  2208 | D:3      | Killed an ice beast
  2209 | D:3      | Reached XP level 5. HP: 33/46 MP: 6/6
  2394 | D:3      | Reached skill level 5 in Unarmed Combat
  2860 | D:3      | Noticed Sigmund
  2881 | D:3      | Killed Sigmund
  2882 | D:3      | Reached XP level 6. HP: 51/52 MP: 7/7
  3224 | D:4      | You fall into a shaft and drop 2 floors!
  3239 | D:6      | Reached skill level 6 in Unarmed Combat
  3277 | D:6      | Reached XP level 7. HP: 60/60 MP: 8/8
  3310 | D:6      | Found a runed translucent door.
  3394 | D:6      | Noticed Ajdolov's ghost (novice OgFi)
  3440 | D:6      | Noticed Menkaure
  3459 | D:6      | Killed Menkaure
  3527 | D:6      | Reached skill level 5 in Fighting
  3560 | D:6      | Reached skill level 7 in Unarmed Combat
  3566 | D:6      | Slain by an orc

Illustrated notes

Levels and vault maps discovered:
D:1:      wander_arrival_chamber, layout_rooms
D:2:      minmay_chambers_of_ones, layout_basic,
          chequers_ecumenical_altar_island, serial_shops,
          nicolae_shop_hallway_plus, uniq_crazy_yiuf_cottage
D:3:      kb_forest_paths, layout_basic, uniq_sigmund
D:4:      layout_gridville, serial_shops, shop
D:6:      layout_loops_cross, ebering_ghost_reflecting_pool,
          minmay_gold_behind_fungi, uniq_menkaure

Skill      XL: |  1  2  3  4  5  6  7 |
---------------+----------------------+-----
Unarmed Combat | 3 4 5 6 7 |  7.1
Fighting       | 3 4 5 |  5.1
Translocations | 3 4 |  4.5
Throwing       | |  0.8
Armour         | |  0.8
Dodging        | |  1.7
Spellcasting   | |  1.7

Action                   |  1- 3 |  4- 6 |  7- 9 || total
-------------------------+-------+-------+-------++-------
Melee: Unarmed           |   101 |   100 |    32 ||   233
       Punch             |     1 |     6 |     3 ||    10
Throw: Boomerang         |       |     1 |     1 ||     2
Evoke: Wand              |       |       |     2 ||     2
Armor: Leather armour    |    34 |    20 |       ||    54
Dodge: Dodged            |    67 |    45 |    15 ||   127

Table legend: (Time is in decaauts)
 A = Elapsed time spent in this place.
 B = Non-inter-level travel time spent in this place.
 C = Inter-level travel time spent in this place.
 D = Time resting spent in this place.
 E = Time spent auto-exploring this place.
 F = Levels seen in this place.
 G = Mean time per level.
                   A        B        C        D        E       F      G
               +--------+--------+--------+--------+--------+-----+--------+
         Total |   3548 |   3494 |     54 |    256 |   2587 |   5 |  709.6 |
       Dungeon |   3548 |   3494 |     54 |    256 |   2587 |   5 |  709.6 |
               +--------+--------+--------+--------+--------+-----+--------+

Top non-repeatable levels by time:
     D:2: 1463 daAuts
     D:3: 1134 daAuts
     D:1: 505 daAuts
     D:6: 337 daAuts
     D:4: 108 daAuts
